AoeStats
← Wolfgang

African Clearing

510316330Analyzed
2v2 RM · 3d ago on Sep 30, 2026· 21m 40s· 4 players
Game mode
Random Map
Map size
Medium (4 player)
Population
200
Speed
Normal
Resources
Standard
Victory
Conquest
Starting age
Dark Age
Ending age
Imperial Age
RankedLock teamsTeams togetherTeam positionsShared explorationLock speedFull tech treeHidden civsTurbo modeCheats
Victory
Defeat
🇦🇺 Danes · Australia
1316
+16
🇦🇺 Magyars · Australia
1295
+17
🇹🇼 Mongols · Taiwan
1320
-17
🇻🇳 Koreans · Vietnam
1311
-16
EchoEmpires
12:21 Feudal Age
13:10 Double-Bit Axe
13:15 Loom
17:31 Castle Age
16:20 Fletching
16:30 Padded Archer Armor
20:46 Husbandry
Wolfgang
5:47 Loom
12:28 Feudal Age
19:36 Scale Barding Armor
fox0503
10:22 Loom
13:17 Feudal Age
19:15 Castle Age
anitiger9486
9:52 Loom
15:35 Feudal Age
16:34 Double-Bit Axe
18:33 Wheelbarrow
18:57 Scale Mail Armor
Connection lost

Rejoining the realm…

Still unreachable

The connection could not be restored.

Session expired

The server has moved on; the page needs a fresh start.